 Dungeon Crawl Stone Soup version 0.31-a0-466-g98c9adc2b6 (webtiles) character file.

Game seed: 12016572240038677023

14 MisterAzrael the Ruffian (level 2, 0/27 HPs)
             Began as an Octopode Shapeshifter on Aug 5, 2023.
             Was an Initiate of Dithmenos.
             Slain by Sigmund
             ... wielding a +0 scythe
              (8 damage)
             ... on level 2 of the Dungeon.
             The game lasted 00:01:18 (920 turns).

MisterAzrael the Ruffian (Octopode Shapeshifter)     Turns: 920, Time: 00:01:19

Health: 0/27       AC: 21    Str: 14    XL:     2   Next: 41%
Magic:  2/2        EV:  2    Int: 10    God:    Dithmenos [......]
Gold:   104        SH:  0    Dex: 12    Spells: 1/1 levels left

rFire   . .          .
                       - Unarmed
rCold   . . .        (no shield)
rNeg    . . .        (helmet currently unavailable)
rPois   +            (no amulet)
rElec   .            (no ring)
rCorr   .            (no ring)
SInv    .            (no ring)
Will    .....        (no ring)
Stlth   ++           (no ring)
HPRegen 0.24/turn    (no ring)
MPRegen 0.08/turn    (no ring)
                     (no ring)

%: no passive effects
@: tree-form
A: stationary, stasis, torment immunity, boosted hp, almost no armour,
(amphibious), 8 rings, (camouflage 1), (gelatinous body 1), (nimble swimmer 1),
(tentacles)
a: Renounce Religion


You were on level 2 of the Dungeon.
You worshipped Dithmenos.
Dithmenos was noncommittal.
You were a tree.
You visited 1 branch of the dungeon, and saw 2 of its levels.

You collected 104 gold pieces.

Inventory:

Talismans
 b - a beast talisman
Scrolls
 d - 2 scrolls of identify
 e - a scroll of torment
 h - 2 scrolls of fog
 i - a scroll of enchant weapon {unknown}
 j - a scroll of immolation {unknown}
 k - a scroll of vulnerability {unknown}
Potions
 f - a potion of degeneration {unknown}


   Skills:
 + Level 1.2 Fighting
 - Level 2.1 Dodging
 * Level 1.6 Stealth
 + Level 3.1 Unarmed Combat
 + Level 3.1 Shapeshifting


You had one spell level left.
You didn't know any spells.
Your spell library was empty.

Dungeon Overview and Level Annotations

Branches:
Dungeon (2/15)

Altars:
Dithmenos

Annotations:
D:2 Sigmund


Innate Abilities, Weirdness & Mutations

You are a tree.
Your roots penetrate the ground, keeping you stationary.
You cannot be teleported.
You are immune to unholy pain and torment.
Your maximum health is greatly increased.
You cannot wear most types of armour.
((You are amphibious.))
You can wear up to eight rings at the same time.
((Your skin changes colour to match your surroundings (Stealth+).))
((Your rubbery body absorbs attacks. (AC +1, EV +1)))
((You are camouflaged when in or above water. (Stealth+)))
((You have tentacles for arms and can constrict up to eight enemies at once.))


Message History

Really quaff the potion of lignification?
Your transformation has ended.
You turn into a tree.
Your roots penetrate the ground.
Something hits you but does no damage.
You cannot move.
You cannot move.
You cannot move.
You cannot move.
You cannot move.
Something hits you but does no damage.
A magic dart appears from out of thin air!
The magic dart hits you!
* * * LOW HITPOINT WARNING * * *
Something hits you but does no damage.
It was a potion of heal wounds.
You feel much better.
As you read the scroll labelled DOLOD QULUW, it crumbles to dust.
It is a scroll of identify.
e - a scroll of torment Something hits you but does no damage.
As you read the scroll of identify, it crumbles to dust.
h - 2 scrolls of fog Something hits you.
As you read the scroll labelled GOCVAK XAYBB, it crumbles to dust.
You feel a strange sense of stasis.
It was a scroll of teleportation.
Something hits you.
A magic dart appears from out of thin air!
The magic dart hits you. Something hits you but does no damage.
Sigmund appears from thin air!
Reactivating autopickup.
Sigmund mumbles some strange words.
Sigmund flickers and vanishes!
Deactivating autopickup; reactivate with Ctrl-A.
Something hits you!
* * * LOW HITPOINT WARNING * * *
A magic dart appears from out of thin air!
The magic dart hits you.
* * * LOW HITPOINT WARNING * * *
Something hits you!
You die...

######## #.....†###.#
##......## #......##
##........## ##.......#
#...>......# #......#.#
#....>.....# #.###..#...
#..........# #.# #..####.
#........[.# ##{# #...# .
#..........###..####....
##............♣..........
#..........##.######..###
#...%......##.# ..
#..........##.# . .. #.
#..........##.# ... .. #.
#..........##.####.#
#.###.
##........###.#....#
#.#... ##...............#
#..... #######.........#
#....


There were no monsters in sight!

Vanquished Creatures
  An endoplasm (D:1)
  2 goblins (D:1)
  A hobgoblin (D:2)
  2 kobolds (D:1)
  2 ball pythons (D:2)
  2 bats
  2 frilled lizards
  A rat (D:2)
13 creatures vanquished.

Notes
Turn   | Place    | Note
-------+----------+-------------------------------------------
     0 | D:1      | MisterAzrael the Octopode Shapeshifter began the quest for
                  | the Orb.
     0 | D:1      | Reached XP level 1. HP: 13/13 MP: 1/1
   204 | D:1      | Reached skill level 1 in Stealth
   353 | D:1      | Reached XP level 2. HP: 17/18 MP: 2/2
   711 | D:2      | Found a shadowy altar of Dithmenos.
   717 | D:2      | Became a worshipper of Dithmenos the Shadowed
   758 | D:2      | Found a faded altar of an unknown god.
   879 | D:2      | Noticed Sigmund
   920 | D:2      | Slain by Sigmund

Illustrated notes

Levels and vault maps discovered:
D:1:      roderic_crop_circles_arrival_small, layout_loops_ring
D:2:      layout_rooms, basic_altar, shapermc_ecumenical_altar_mp_urbaneastern,
          uniq_sigmund, uniq_terence

Skill      XL: |  1 |
---------------+----+-----
Stealth        | 1 |  1.6
Fighting       | |  1.2
Dodging        | |  2.1
Unarmed Combat | |  3.1
Shapeshifting  | |  3.1

Action                     || total
---------------------------++-------
  Melee: Unarmed           ||    24
         Constrict         ||     2
    Use: Scroll            ||     3
         Potion            ||     2
   Stab: Distracted        ||     1
 Armour: Skin              ||     6
  Dodge: Dodged            ||    17

Table legend: (Time is in decaauts)
 A = Elapsed time spent in this place.
 B = Non-inter-level travel time spent in this place.
 C = Inter-level travel time spent in this place.
 D = Time resting spent in this place.
 E = Time spent auto-exploring this place.
 F = Levels seen in this place.
 G = Mean time per level.
                   A        B        C        D        E       F      G
               +--------+--------+--------+--------+--------+-----+--------+
         Total |    917 |    897 |     20 |      0 |    758 |   2 |  458.5 |
       Dungeon |    917 |    897 |     20 |      0 |    758 |   2 |  458.5 |
               +--------+--------+--------+--------+--------+-----+--------+

Top non-repeatable levels by time:
     D:1: 709 daAuts
     D:2: 208 daAuts
